AoeStats
← TartanVoice1606

Arabia

506959135Analyzed
1v1 RM · 17d ago on Sep 16, 2026· 42m 9s· 2 players
Game mode
Random Map
Map size
Tiny (2 player)
Population
200
Speed
Normal
Resources
Standard
Victory
Conquest
Starting age
Dark Age
Ending age
Imperial Age
RankedLock teamsTeams togetherTeam positionsShared explorationLock speedFull tech treeHidden civsTurbo modeCheats
Victory
Defeat
🇫🇷 Britons · France
1040
+14
🇩🇴 Vikings · Dominican Republic
1000
-42
dylangourgousse
4:02 Loom
10:11 Feudal Age
10:39 Double-Bit Axe
10:36 Horse Collar
21:36 Castle Age
19:59 Gold Mining
20:18 Stone Mining
21:19 Fletching
23:11 Bow Saw
23:05 Heavy Plow
23:52 Gold Shaft Mining
23:42 Bodkin Arrow
30:18 Ballistics
31:28 Padded Archer Armor
34:54 Leather Archer Armor
37:56 Imperial Age
36:40 Yeomen
35:50 Elite Skirmisher
36:41 Murder Holes
36:58 Forging
36:49 Scale Mail Armor
38:23 Wheelbarrow
39:04 Conscription
39:17 Ring Archer Armor
39:29 Bracer
40:05 Iron Casting
40:03 Light Cavalry
41:40 Elite Longbowman
43:28 Chemistry
TartanVoice1606
10:38 Feudal Age
8:57 Loom
10:48 Man-at-Arms
12:44 Double-Bit Axe
17:41 Horse Collar
25:09 Castle Age
23:33 Arson
24:27 Scale Mail Armor
25:57 Long Swordsman
27:14 Town Watch
27:33 Squires
28:05 Forging
27:34 Elite Skirmisher
28:39 Gambesons
29:12 Chain Mail Armor
29:19 Heavy Plow
29:33 Bow Saw
32:09 Iron Casting
34:02 Fletching
34:17 Stone Mining
34:20 Gold Mining
34:59 Town Patrol
40:34 Imperial Age
38:48 Bodkin Arrow
40:15 Padded Archer Armor
40:37 Murder Holes
Connection lost

Rejoining the realm…

Still unreachable

The connection could not be restored.

Session expired

The server has moved on; the page needs a fresh start.